 Dungeon Crawl Stone Soup version 0.30.1 (webtiles) character file.

Game seed: 17592400828722304619

181198 Peloso the Peltast (level 17, -20/150 (163) HPs)
             Began as a Minotaur Fighter on July 3, 2023.
             Was the Champion of Okawaru.
             Killed from afar by an Ice Fiend (45 damage)
             ... with a bolt of cold
             ... summoned by a deep elf demonologist
             ... on level 3 of the Elven Halls.
             The game lasted 01:31:36 (32316 turns).

Peloso the Peltast (Minotaur Fighter)              Turns: 32316, Time: 01:31:37

HP:   -20/150 (163) AC: 31    Str: 30    XL:     17   Next: 67%
MP:   7/17          EV: 16    Int:  7    God:    Okawaru [******]
Gold: 3328          SH: 31    Dex: 22    Spells: 16/16 levels left

rFire   + + .        a - +5 falchion of Spores {spect, Dex+3}
rCold   . . .        d - +0 tower shield "Tuyn" {Str+4}
rNeg    . . .        q - +1 plate armour {rF+}
rPois   +            i - +1 hat {SInv}
rElec   .            Q - +0 cloak of Impatience {rPois rC- Will++ Int+2}
rCorr   .            t - +2 pair of gloves {infuse}
SInv    +            B - +1 pair of boots {Fly}
Will    +++..        W - amulet of the Pariah {Reflect rF+ Regen+ SH+5}
Stlth   +            e - +6 ring of dexterity
HPRegen 1.25/turn    m - ring of protection from cold
MPRegen 0.15/turn

%: reflection, infuse magic (1 MP)
@: about to teleport, heroic, flying, drained
A: horns 2, retaliatory headbutt
a: Renounce Religion, Heroism, Finesse, Duel


You were on level 3 of the Elven Halls.
You worshipped Okawaru.
Okawaru was exalted by your worship.
You visited 5 branches of the dungeon, and saw 26 of its levels.
You visited the Abyss 1 time.
You visited 1 bazaar.
You also visited: Gauntlet.

You collected 3857 gold pieces.
You spent 529 gold pieces at shops.

Inventory:

Hand Weapons
 a - the +5 falchion of Spores (weapon) {spect, Dex+3}
   (You found it on level 5 of the Lair of Beasts)

   Dex:       It affects your dexterity (+3).
 b - a +4 scimitar of flaming
 c - a +5 scimitar
Armour
 d - the +0 tower shield "Tuyn" (worn) {Str+4}
   (Okawaru gifted it to you on level 1 of the Orcish Mines)

   Str:       It affects your strength (+4).
 i - a +1 hat of see invisible (worn)
 n - +0 ice dragon scales
 q - a +1 plate armour of fire resistance (worn)
 t - a +2 pair of gloves of infusion (worn)
 y - the +2 plate armour "Relu" {Harm Str+3}
   (Okawaru gifted it to you on level 15 of the Dungeon)

   Str:       It affects your strength (+3).
   Harm:      It increases damage dealt and taken.
 B - a +1 pair of boots of flying (worn)
 Q - the +0 cloak of Impatience (worn) {rPois rC- Will++ Int+2}
   (Okawaru gifted it to you on level 2 of the Lair of Beasts)

   Int:       It affects your intelligence (+2).
   rC:        It makes you vulnerable to cold.
   rPois:     It protects you from poison.
   Will:      It greatly increases your willpower.
 R - a scarf of resistance
 U - the +2 chain mail of the Unbroken {Drain rPois rN+++}
   (You took it off a deep elf blademaster on level 3 of the Elven Halls)

   rPois:     It protects you from poison.
   rN:        It renders you almost immune to negative energy.
   Drain:     It drains your maximum health when unequipped.
Jewellery
 e - a +6 ring of dexterity (left hand)
 k - a +4 ring of protection
 l - a ring of protection from fire
 m - a ring of protection from cold (right hand)
 F - the ring "Xyomu" {rElec rF++ rC+++ Will+ Str-5}
   (You took it off a deep elf zephyrmancer on level 1 of the Elven Halls)

   [ring of willpower]

   Str:       It affects your strength (-5).
   rF:        It greatly protects you from fire.
   rC:        It renders you almost immune to cold.
   rElec:     It insulates you from electricity.
   Will:      It increases your willpower.
 G - a +6 ring of dexterity
 H - a ring of protection from fire
 L - a ring of see invisible
 W - the amulet of the Pariah (around neck) {Reflect rF+ Regen+ SH+5}
   (You found it on level 3 of the Lair of Beasts)

   [amulet of reflection]

   It reflects blocked missile attacks.
   rF:        It protects you from fire.
   Regen:     It increases your rate of health regeneration.
   SH:        It affects your SH (+5).
 X - a ring of protection from cold
Wands
 j - a wand of roots (20)
 p - a wand of polymorph (11)
 s - a wand of flame (12)
 E - a wand of paralysis (11)
 O - a wand of digging (2)
 Y - a wand of acid (3)
Scrolls
 g - 5 scrolls of teleportation
 o - a scroll of immolation
 r - 4 scrolls of noise
 u - 2 scrolls of magic mapping
 x - 3 scrolls of amnesia
 z - 2 scrolls of acquirement
 A - a scroll of blinking
 M - a scroll of poison
 V - a scroll of fear
Potions
 f - 2 potions of might
 h - 6 potions of curing
 v - a potion of invisibility
 C - a potion of magic
 D - a potion of resistance
 I - a potion of flight
 J - a potion of mutation
 K - 2 potions of berserk rage
 N - 3 potions of degeneration {unknown}
 P - 2 potions of haste
 S - 2 potions of brilliance
 T - a potion of ambrosia
Miscellaneous
 w - a phantom mirror


   Skills:
 + Level 17.9(22.9) Fighting
 + Level 19.2(24.2) Long Blades
 + Level 18.1(23.1) Armour
 + Level 6.5(11.5) Dodging
 + Level 5.7(10.7) Stealth
 + Level 20.3(25.3) Shields
 + Level 2.2 Invocations
 + Level 1.9 Evocations


You had 16 spell levels left.
You didn't know any spells.
Your spell library contained the following spells:

 Spells                   Type           Power      Damage    Failure   Level
 Beastly Appendage        Tmut           0%         N/A       87%         1
 Foxfire                  Conj/Fire      0%         2x1d4     87%         1
 Necrotise                Necr           0%         1d4       87%         1
 Slow                     Hex            0%         N/A       87%         1
 Blink                    Tloc           0%         N/A       95%         2
 Ensorcelled Hibernation  Hex/Ice        0%         N/A       95%         2
 Lesser Beckoning         Tloc           0%         N/A       95%         2
 Passwall                 Tmut/Erth      0%         N/A       95%         2
 Wereblood                Tmut           0%         N/A       95%         2
 Confusing Touch          Hex            0%         N/A       99%         3
 Gell's Gravitas          Tloc           0%         N/A       99%         3
 Inner Flame              Hex/Fire       0%         N/A       99%         3
 Portal Projectile        Hex/Tloc       0%         N/A       99%         3
 Spider Form              Tmut/Pois      0%         N/A       99%         3
 Swiftness                Air            0%         N/A       99%         3
 Teleport Other           Tloc           0%         N/A       99%         3
 Vampiric Draining        Necr           0%         2d6       99%         3
 Vhi's Electric Charge    Tloc/Air       0%         N/A       99%         3
 Anguish                  Hex/Necr       0%         N/A       100%        4
 Cause Fear               Hex            0%         N/A       100%        4
 Manifold Assault         Tloc           0%         N/A       100%        4
 Passage of Golubria      Tloc           0%         N/A       100%        4
 Petrify                  Tmut/Erth      0%         N/A       100%        4
 Agony                    Necr           0%         N/A       100%        5
 Arcjolt                  Conj/Air       0%         1d10      100%        5
 Blade Hands              Tmut           0%         N/A       100%        5
 Fireball                 Conj/Fire      0%         3d3       100%        5
 Metabolic Englaciation   Hex/Ice        0%         N/A       100%        5
 Yara's Violent Unravell  Hex/Tmut       0%         3d3       100%        5
 Dispersal                Tloc           0%         N/A       100%        6
 Iron Shot                Conj/Erth      0%         9d1       100%        6
 Plasma Beam              Fire/Air       0%         2x1d11    100%        6
 Starburst                Conj/Fire      0%         6d3       100%        6
 Statue Form              Tmut/Erth      0%         N/A       100%        6
 Enfeeble                 Hex            0%         N/A       100%        7
 Storm Form               Tmut/Air       0%         N/A       100%        7
 Maxwell's Capacitive Co  Air            0%         ∞         100%        8
 Tukima's Dance           Hex            Unusable   N/A       N/A         3
 Animate Armour           Summ/Erth      Unusable   N/A       N/A         4

Dungeon Overview and Level Annotations

Branches:
Dungeon (15/15)            Temple (1/1) D:6            Lair (5/5) D:9
  Swamp (0/4) Lair:3        Snake (0/4) Lair:3        Slime (0/5) Lair:5
    Orc (2/2) D:12            Elf (3/3) Orc:2        Vaults (0/5) D:14
 Depths (0/4) D:15        Gauntlet (visited)

Altars:
Ashenzari
Cheibriados
Dithmenos
Elyvilon
Fedhas
Gozag
Hepliaklqana
Kikubaaqudgha
Makhleb
Nemelex Xobeh
Okawaru
Qazlal
Ru
Sif Muna
Trog
Uskayaw
Vehumet
Wu Jian
Xom
Yredelemnul
Zin
The Shining One
Lugonu

Shops:
D:1 *   D:7 *   Orc:2 ?(((   Elf:1 !(

Portals:
Abyss: Lair:5
Trove: D:13 (give 8 potions of haste)

Annotations:
D:10 Casa
Lair:1 Maggie
Elf:2 3 runed translucent doors, Roxanne


Innate Abilities, Weirdness & Mutations

You have a pair of horns on your head.
You reflexively headbutt those who attack you in melee.


Message History

The orange demon barely misses you.
The deep elf sorcerer attacks as you move away!
You block the deep elf sorcerer's attack.
The deep elf sorcerer seems less brilliant.
You see here a +0 rapier.
Your surroundings suddenly seem different.
You start resting.
You are no longer corroded.
You start resting.
A Tzitzimitl is nearby!
As you read the scroll of teleportation, it crumbles to dust.
You feel strangely unstable.
The Tzitzimitl roars!
You hear a shout!
The Tzitzimitl gestures at you. The bolt of negative energy hits you!!
You feel drained.
* * * LOW HITPOINT WARNING * * *
The Tzitzimitl calls on the powers of darkness!
Your body is wracked with pain!
* * * LOW HITPOINT WARNING * * *
You gain the combat prowess of a mighty hero.
Your surroundings seem slightly different.
As you read the scroll of teleportation, it crumbles to dust.
You feel strangely unstable.
You feel better.
The Tzitzimitl disappears in a puff of smoke!
Your surroundings suddenly seem different.
The deep elf sorcerer shouts!
The deep elf demonologist mumbles some strange words.
The deep elf sorcerer points at you and mumbles some strange words.
The sphere of damnation explodes!
The damnation engulfs you!!
* * * LOW HITPOINT WARNING * * *
The deep elf demonologist mumbles some strange words.
Unknown command.
Okay, then.
As you read the scroll of teleportation, it crumbles to dust.
You feel strangely unstable.
You feel better. The Ice Fiend gestures at you. The bolt of cold hits you!!!
You die...

.......###
.........##
..........##
...........#
#..........###'
#............#
#...........#
..##..........#
...1...@⌠.....##
...e.3.e.......##
......3............#
...................#
...................#
...........#......#
##.........##.....#
#....$.....###....#
#....(2e4...###...#


You could see an Ice Fiend (summoned), a deep elf sorcerer, a sun demon
(summoned), a deep elf demonologist and a ynoxinul (summoned).

Vanquished Creatures
  2 deep elf master archers (Elf:3)
  2 deep elf blademasters
  5 deep elf sorcerers
  2 deep elf elementalists (Elf:3)
  A minotaur (Gauntlet)
  7 deep elf annihilators
  6 deep elf demonologists (Elf:3)
  2 ettins
  3 deep elf death magi (Elf:3)
  3 deep elf high priests (Elf:3)
  An ice dragon (D:14)
  5 hydras
  3 ogre magi
  A catoblepas (D:14)
  Erica (Orc:1)
  A boulder beetle (D:11)
  14 two-headed ogres
  8 centaur warriors
  7 tengu warriors
  3 orc high priests
  10 dancing weapons
  A hell knight (D:15)
  Sonja (Lair:4)
  3 thrashing horrors (Lair:5)
  12 death yaks
  Nergalle (D:11)
  14 deep elf knights
  3 skysharks
  A titan skeleton (Abyss:2)
  5 skeletal warriors
  A glowing orange brain (D:14)
  2 deep trolls (Orc:2)
  15 deep elf archers
  4 wizards
  A lindwurm (Lair:5)
  Lodul (D:14)
  30 deep elf zephyrmancers
  26 deep elf pyromancers
  3 orc knights
  7 cyclopes
  18 ugly things
  An oklob plant (Lair:1)
  2 manticores (D:14)
  12 elephants
  2 smoke demons (Lair:5)
  3 black mambas
  4 centaur skeletons (D:14)
  3 gargoyles
  An eye of devastation (Gauntlet)
  5 cane toads
  A kobold demonologist (D:12)
  3 rime drakes (Lair:3)
  3 torpor snails
  7 komodo dragons
  2 unseen horrors
  8 yaktaurs
  A tengu conjurer (D:13)
  An efreet (D:15)
  4 ancient zymes (Lair:5)
  3 tyrant leeches (Lair:3)
  2 hornets (Gauntlet)
  13 trolls
  21 blink frogs
  5 dream sheep
  A snapping turtle (shapeshifter) (D:15)
  A centaur simulacrum (D:14)
  A shadow (D:11)
  3 wyverns
  2 ynoxinuls (Lair:5)
  7 air elementals
  6 slime creatures (D:14)
  59 yaks
  A wraith (D:13)
  3 humans (shapeshifter)
  2 water elementals
  A neqoxec (Gauntlet)
  2 chaos spawn
  2 golden eyes (Gauntlet)
  2 fire elementals (Elf:3)
  6 basilisks
  11 vampire mosquitoes
  3 steam dragons
  A swamp worm (Lair:3)
  An acid dragon (D:10)
  3 nagas (Lair:3)
  4 wargs (Orc:1)
  13 water moccasins
  Duvessa (D:4)
  A floating eye (shapeshifter) (Lair:5)
  A meliai simulacrum (D:15)
  2 black bears
  26 orc warriors
  A large abomination (Lair:5)
  3 ice beasts
  2 sky beasts (D:7)
  38 ogres
  17 wolves
  16 centaurs
  4 phantoms
  2 kobold brigands
  11 bullfrogs
  A gnoll sergeant (D:7)
  3 earth elementals (Elf:1)
  2 scorpions (D:4)
  11 wights
  Dowan (D:4)
  11 small abominations (Lair:5)
  3 killer bees (D:10)
  A howler monkey (D:4)
  8 electric eels
  6 hounds
  19 orc priests
  3 jellies
  Crazy Yiuf (D:5)
  A sleepcap (D:7)
  Ijyb (D:5)
  3 iguanas
  6 hell rats
  24 orc wizards
  6 adders
  8 gnolls
  3 shadow imps
  A white imp (D:6)
  An ufetubus (Abyss:2)
  A worm (D:2)
  82 orcs
  4 ball pythons
  11 bats
  6 endoplasms
  5 goblins
  6 hobgoblins
  13 jackals
  10 quokkas
  A frilled lizard (D:3)
  12 kobolds
  4 rats
882 creatures vanquished.

Vanquished Creatures (others)
  A deep elf knight (Elf:1)
  A deep elf zephyrmancer (Elf:1)
  2 deep elf pyromancers
  An orc wizard (Orc:2)
  13 spectral weapons
18 creatures vanquished.

Grand Total: 900 creatures vanquished

Notes
Turn   | Place    | Note
-------+----------+-------------------------------------------
     0 | D:1      | Peloso the Minotaur Fighter began the quest for the Orb.
     0 | D:1      | Reached XP level 1. HP: 19/19 MP: 0/0
    28 | D:1      | Reached XP level 2. HP: 25/26 MP: 1/1
   135 | D:1      | Found Pyrialar's Assorted Antiques.
   218 | D:1      | Reached skill level 4 in Shields
   379 | D:1      | Reached XP level 3. HP: 33/33 MP: 2/2
   858 | D:2      | Reached XP level 4. HP: 37/40 MP: 3/3
  1670 | D:1      | Bought a scroll labelled ALUXTU LYSEA for 20 gold pieces
  1670 | D:1      | Bought a scroll labelled NUEGIYF KAOK for 20 gold pieces
  1670 | D:1      | Bought a scroll labelled NUEGIYF KAOK for 20 gold pieces
  1819 | D:3      | Noticed a phantom
  1826 | D:3      | Killed a phantom
  1827 | D:3      | Reached XP level 5. HP: 46/46 MP: 4/4
  1976 | D:1      | Bought a scroll labelled NYSIORIUTE for 20 gold pieces
  2445 | D:3      | Noticed a phantom
  2450 | D:3      | Killed a phantom
  2451 | D:3      | Reached skill level 5 in Long Blades
  2777 | D:3      | Reached XP level 6. HP: 52/52 MP: 5/5
  2962 | D:4      | Reached skill level 5 in Armour
  2962 | D:4      | Reached skill level 1 in Dodging
  3056 | D:4      | Noticed Duvessa
  3056 | D:4      | Noticed Dowan
  3092 | D:4      | Killed Duvessa
  3093 | D:4      | Reached skill level 5 in Shields
  3100 | D:4      | Killed Dowan
  3256 | D:4      | Reached XP level 7. HP: 57/60 MP: 6/6
  3359 | D:4      | Reached skill level 5 in Fighting
  3881 | D:4      | Found an opulent altar of Gozag.
  3964 | D:5      | Entered Level 5 of the Dungeon
  4066 | D:5      | Reached XP level 8. HP: 47/69 MP: 7/7
  4167 | D:5      | Found a runed translucent door.
  4168 | D:5      | Noticed Crazy Yiuf
  4384 | D:5      | Noticed Ijyb
  4384 | D:5      | Paralysed by Ijyb for 4 turns
  4766 | D:5      | Killed Ijyb
  4913 | D:5      | Killed Crazy Yiuf
  5116 | D:6      | Reached skill level 1 in Stealth
  5236 | D:5      | Reached skill level 6 in Shields
  5368 | D:6      | Found a staircase to the Ecumenical Temple.
  5379 | Temple   | Entered the Ecumenical Temple
  5379 | Temple   | Found a transporter.
  5379 | Temple   | Found a transporter.
  5381 | Temple   | Found a transporter.
  5381 | Temple   | Found a transporter.
  5930 | D:7      | Found a stormy altar of Qazlal.
  5941 | D:7      | Reached XP level 9. HP: 58/78 MP: 8/8
  5944 | D:7      | Found a burning altar of Makhleb.
  5950 | D:7      | Found a glowing golden altar of the Shining One.
  6557 | D:7      | Found Doath's Assorted Antiques.
  6578 | D:7      | Reached skill level 10 in Long Blades
  6641 | D:7      | Bought a scroll labelled TEECLU AFUXOCS for 30 gold pieces
  6641 | D:7      | Bought a bubbling clear potion for 27 gold pieces
  7015 | D:7      | Found a basalt altar of Yredelemnul.
  7015 | D:7      | Found a broken altar of Ashenzari.
  7016 | D:7      | Found an iron altar of Okawaru.
  7023 | D:7      | Found a hide-covered altar of Uskayaw.
  7026 | D:7      | Became a worshipper of Warmaster Okawaru
  7241 | D:8      | Reached skill level 7 in Shields
  7545 | D:8      | Reached * piety under Okawaru
  7609 | D:8      | Reached XP level 10. HP: 90/90 MP: 9/9
  8499 | D:9      | Found a hazy altar of Hepliaklqana.
  8518 | D:9      | Reached ** piety under Okawaru
  8847 | D:9      | Found a staircase to the Lair.
  9479 | D:10     | Entered Level 10 of the Dungeon
  9743 | D:10     | Noticed a two-headed ogre
  9767 | D:10     | Killed a two-headed ogre
  9767 | D:10     | Reached *** piety under Okawaru
  9768 | D:10     | Reached skill level 10 in Armour
 10025 | D:10     | You fall into a shaft and drop 2 floors!
 10031 | D:12     | Noticed a sixfirhy
 10032 | D:12     | Noticed a brown ugly thing
 10046 | D:12     | Killed a brown ugly thing
 10053 | D:12     | Noticed a gargoyle
 10066 | D:12     | Killed a gargoyle
 10067 | D:12     | Reached XP level 11. HP: 67/99 MP: 7/10
 10181 | D:12     | Reached **** piety under Okawaru
 10266 | D:12     | Found a staircase to the Orcish Mines.
 10336 | D:12     | Reached skill level 10 in Fighting
 10710 | D:11     | Found a gate leading to a gauntlet.
 10717 | D:11     | Found a flickering gateway to a bazaar.
 10722 | D:11     | Noticed Nergalle
 10723 | Bazaar   | Entered a bazaar
 10723 | Bazaar   | Found Siachure's Assorted Antiques.
 10723 | Bazaar   | Found Xuiduin's General Store.
 10723 | Bazaar   | Found Pyakeyma's General Store.
 10725 | Bazaar   | Found Hagowaf's Assorted Antiques.
 10775 | Bazaar   | Bought a scroll labelled JAHOZ NESM for 26 gold pieces
 10775 | Bazaar   | Bought a scroll labelled GET TURAOTOLUTT for 26 gold pieces
 10783 | Bazaar   | Bought a pair of embroidered boots for 270 gold pieces
 10807 | Bazaar   | Bought a potion of heal wounds for 70 gold pieces
 10848 | D:11     | Killed Nergalle
 10849 | D:11     | Reached skill level 8 in Shields
 10864 | Gauntlet | Entered a Gauntlet
 10864 | Gauntlet | Found a transporter.
 10864 | Gauntlet | Found a transporter.
 10864 | Gauntlet | Found a transporter.
 11055 | Gauntlet | Found a transporter.
 11058 | Gauntlet | Found a transporter.
 11060 | Gauntlet | Found a large runed translucent door.
 11060 | Gauntlet | Noticed a catoblepas
 11061 | Gauntlet | Found a large runed translucent door.
 11062 | Gauntlet | Found a large runed translucent door.
 11062 | Gauntlet | Found a large runed translucent door.
 11062 | Gauntlet | Found a runed translucent door.
 11062 | Gauntlet | Found a runed translucent door.
 11063 | Gauntlet | Found a large runed translucent door.
 11063 | Gauntlet | Found a large runed translucent door.
 11063 | Gauntlet | Found a large runed translucent door.
 11063 | Gauntlet | Found a large runed translucent door.
 11064 | Gauntlet | Found a large runed translucent door.
 11065 | Gauntlet | Found a large runed translucent door.
 11069 | Gauntlet | Found a transporter.
 11077 | Gauntlet | Found a transporter.
 11084 | Gauntlet | Found a transporter.
 11085 | Gauntlet | Found a large runed translucent door.
 11086 | Gauntlet | Found a large runed translucent door.
 11087 | Gauntlet | Found a large runed translucent door.
 11088 | Gauntlet | Found a runed translucent gate.
 11091 | Gauntlet | Found a runed translucent gate.
 11091 | Gauntlet | Found a transporter.
 11092 | Gauntlet | Found a runed translucent gate.
 11095 | Gauntlet | Found a large runed translucent door.
 11096 | Gauntlet | Found a large runed translucent door.
 11097 | Gauntlet | Found a large runed translucent door.
 11131 | Gauntlet | Found a transporter.
 11158 | Gauntlet | Found a transporter.
 11242 | Gauntlet | Found a transporter.
 11681 | Gauntlet | Reached skill level 1 in Invocations
 11963 | Gauntlet | Reached skill level 5 in Dodging
 12017 | Gauntlet | Paralysed by a hornet for 2 turns
 12267 | Gauntlet | Noticed a minotaur
 12275 | Gauntlet | Killed a minotaur
 12291 | Gauntlet | Identified the amulet "Eppabemi" {RegenMP Rampage rC+
                  | Str+2}
 13165 | D:11     | Noticed a boulder beetle
 13178 | D:11     | Killed a boulder beetle
 13197 | D:11     | Noticed a two-headed ogre
 13202 | D:11     | Killed a two-headed ogre
 13203 | D:11     | Reached XP level 12. HP: 83/110 MP: 12/12
 14014 | D:12     | Reached ***** piety under Okawaru
 14502 | Lair:1   | Entered Level 1 of the Lair of Beasts
 14595 | Lair:1   | Reached skill level 1 in Evocations
 14960 | Lair:1   | Reached skill level 9 in Shields
 15445 | Lair:2   | Identified the +0 cloak of Impatience {rPois rC- Will++
                  | Int+2} (Okawaru gifted it to you on level 2 of the Lair of
                  | Beasts)
 15445 | Lair:2   | Received a gift from Okawaru
 15522 | Lair:2   | You are sucked into a shaft and drop 1 floor!
 15674 | Lair:3   | Found a staircase to the Swamp.
 15702 | Lair:3   | HP: 1/112 [tyrant leech (15)]
 15929 | Lair:2   | Noticed Maggie
 16590 | Lair:2   | Reached skill level 15 in Long Blades
 16976 | Lair:2   | Identified the +0 robe of Baldness {MP+9 SInv}
 17133 | Lair:2   | Reached XP level 13. HP: 42/119 MP: 13/13
 18584 | Lair:3   | Received a gift from Okawaru
 18667 | Lair:3   | Reached skill level 10 in Shields
 18784 | Lair:3   | Identified the amulet of the Pariah {Reflect rF+ Regen+
                  | SH+5}
 19028 | Orc:1    | Entered Level 1 of the Orcish Mines
 19272 | Orc:1    | Noticed Erica
 19320 | Orc:1    | Killed Erica
 19347 | Orc:1    | Reached skill level 15 in Armour
 19382 | Orc:1    | Noticed an ettin
 19466 | D:12     | Killed an ettin
 19467 | D:12     | Reached skill level 11 in Shields
 19520 | Orc:1    | Identified the +0 tower shield "Tuyn" {Str+4} (Okawaru
                  | gifted it to you on level 1 of the Orcish Mines)
 19520 | Orc:1    | Received a gift from Okawaru
 19635 | Orc:2    | Entered Level 2 of the Orcish Mines
 19783 | Orc:2    | Found a staircase to the Elven Halls.
 20051 | Orc:2    | Reached XP level 14. HP: 124/132 MP: 14/14
 20089 | Orc:2    | Reached skill level 12 in Shields
 20094 | Orc:2    | Found Hiepad's Weapon Boutique.
 20231 | Orc:2    | Found Zumur's Antique Weapon Boutique.
 20232 | Orc:2    | Found Ebauman's Magic Scroll Emporium.
 20298 | Orc:2    | Found Iputt's Weapon Shop.
 20428 | Orc:2    | Reached ****** piety under Okawaru
 20989 | Lair:3   | Found a staircase to the Snake Pit.
 21052 | Lair:3   | Reached skill level 13 in Shields
 21262 | Lair:4   | Found a glowing silver altar of Zin.
 21351 | Lair:4   | Reached skill level 15 in Fighting
 21459 | Lair:4   | Noticed Sonja
 21484 | Abyss:2  | Cast into level 2 of the Abyss (Sonja)
 21562 | Lair:4   | Escaped the Abyss
 21570 | Lair:4   | Killed Sonja
 21613 | Lair:4   | Received a gift from Okawaru
 21613 | Lair:4   | Found the +3 pair of seven-league boots {Rampage+∞}
 22198 | Lair:5   | Entered Level 5 of the Lair of Beasts
 22198 | Lair:5   | Found a staircase to the Slime Pits.
 22232 | Lair:5   | Reached skill level 14 in Shields
 22710 | Lair:5   | Reached XP level 15. HP: 141/141 MP: 15/15
 22788 | Lair:5   | Paralysed by a floating eye for 4 turns
 22919 | Lair:5   | Identified the +0 chain mail of Magic {Str+2 Dex+4}
 23249 | Lair:5   | Reached skill level 15 in Shields
 23704 | Lair:5   | Found a corrupted altar of Lugonu.
 23704 | Lair:5   | Found a one-way gate to the infinite horrors of the Abyss.
 23711 | Lair:5   | Identified the +5 falchion of Spores {spect, Dex+3}
 24155 | D:13     | Received a gift from Okawaru
 24685 | D:13     | Found a portal to a secret trove of treasure.
 25508 | D:14     | Noticed Lodul
 25515 | D:14     | Received a gift from Okawaru
 25534 | D:14     | Killed Lodul
 25537 | D:14     | Reached skill level 16 in Shields
 26073 | D:14     | Identified the staff of earth "Ecrin" {+Blink rCorr Dex+3}
 27009 | D:14     | Found a gate to the Vaults.
 27076 | D:14     | Reached XP level 16. HP: 152/152 MP: 5/16
 27389 | D:15     | Entered Level 15 of the Dungeon
 27410 | D:15     | Identified the +2 plate armour "Relu" {Harm Str+3} (Okawaru
                  | gifted it to you on level 15 of the Dungeon)
 27410 | D:15     | Received a gift from Okawaru
 27491 | D:15     | Reached skill level 17 in Shields
 27680 | D:15     | Identified the +3 ring mail "Vupucrou" {Str+2}
 27696 | D:15     | Paralysed by a floating eye for 4 turns
 27706 | D:15     | Paralysed by a floating eye for 3 turns
 27852 | D:15     | Identified the +4 hand axe of Destruction {heavy, rF+
                  | Dex+3}
 28006 | D:15     | Found a staircase to the Depths.
 28159 | Elf:1    | Entered Level 1 of the Elven Halls
 28168 | Elf:1    | Paralysed by an air elemental for 1 turns
 28281 | Elf:1    | Found a radiant altar of Vehumet.
 28297 | Elf:1    | Paralysed by an air elemental for 1 turns
 28447 | Elf:1    | Identified the ring "Xyomu" {rElec rF++ rC+++ Will+ Str-5}
 28675 | Elf:1    | Found Belet's Weapon Boutique.
 28802 | Elf:1    | Found Voboan's Distillery.
 28895 | Elf:1    | Identified the +3 long sword "Matoheqy" {flame, rF++ Str-3}
                  | (Okawaru gifted it to you on level 1 of the Elven Halls)
 28895 | Elf:1    | Received a gift from Okawaru
 28916 | Elf:1    | Reached skill level 18 in Shields
 29329 | Elf:2    | Identified Roxanne's Handbook of the Xenotype
 29329 | Elf:2    | Noticed Roxanne
 29489 | Elf:2    | Paralysed by an air elemental for 1 turns
 29585 | Elf:2    | Paralysed by an air elemental for 1 turns
 29714 | Elf:2    | Identified the +0 pair of gloves "Direc" {rF+} (Okawaru
                  | gifted it to you on level 2 of the Elven Halls)
 29714 | Elf:2    | Received a gift from Okawaru
 29893 | Elf:2    | Paralysed by an air elemental for 1 turns
 29958 | Elf:2    | Found a radiant altar of Vehumet.
 30281 | Elf:2    | Found a runed translucent gate.
 30281 | Elf:2    | Found a runed translucent gate.
 30282 | Elf:2    | Found a runed translucent gate.
 30385 | Elf:3    | Entered Level 3 of the Elven Halls
 30441 | Elf:3    | Reached XP level 17. HP: 137/162 MP: 14/17
 30451 | Elf:3    | Reached skill level 19 in Shields
 30684 | Elf:3    | Paralysed by an air elemental for 1 turns
 30859 | Elf:3    | Reached skill level 5 in Stealth
 30992 | Elf:3    | Paralysed by an air elemental for 1 turns
 30996 | Elf:3    | Paralysed by an air elemental for 1 turns
 31251 | Elf:3    | Identified the +3 scale mail of the Hidden Vale {rPois
                  | SInv} (Okawaru gifted it to you on level 3 of the Elven
                  | Halls)
 31251 | Elf:3    | Received a gift from Okawaru
 31341 | Elf:3    | Identified the +2 chain mail of the Unbroken {Drain rPois
                  | rN+++}
 31341 | Elf:3    | Noticed a deep elf blademaster
 31370 | Elf:3    | Noticed a deep elf master archer
 31401 | Elf:3    | Killed a deep elf master archer
 31465 | Elf:3    | Noticed a deep elf blademaster
 31525 | Elf:2    | Killed a deep elf blademaster
 31696 | Elf:3    | Noticed a Brimstone Fiend
 31840 | Elf:3    | Killed a deep elf blademaster
 32068 | Elf:3    | Identified the +6 battleaxe of Kelesyet {venom, rElec rC+
                  | MP+9}
 32078 | Elf:3    | Reached skill level 20 in Shields
 32215 | Elf:3    | Identified the staff of air "Rep Xuc" {rElec Str+2}
 32258 | Elf:3    | Identified the amulet "Vesu" {Reflect -Tele rCorr Str+3
                  | SH+5 Stlth+}
 32258 | Elf:3    | Noticed a deep elf master archer
 32260 | Elf:3    | Identified the +9 spear "Quppuen" {freeze, rC- Str+3 SInv
                  | Stlth+}
 32271 | Elf:3    | Received a gift from Okawaru
 32272 | Elf:3    | Killed a deep elf master archer
 32276 | Elf:3    | Noticed a Tzitzimitl
 32314 | Elf:3    | Noticed an Ice Fiend
 32316 | Elf:3    | Killed from afar by an Ice Fiend

Illustrated notes

Levels and vault maps discovered:
D:1:      psy_arrival_whirlpool, layout_basic, serial_shops,
          nicolae_lakefront_shop
D:2:      layout_basic
D:3:      layout_basic, kennysheep_flooded_box
D:4:      layout_basic, mainiacjoe_overflow_alcove_4, uniq_duvessa
D:5:      layout_loops_cross, hangedman_decor_push, uniq_ijyb,
          uniq_crazy_yiuf_cottage
D:6:      layout_layer_cave, minmay_temple_entry_glass
D:7:      layout_basic, nicolae_overflow_hallway_of_the_gods, serial_shops,
          shop_fountains, minmay_misc_feat_enclosed
D:8:      layout_gridville
D:9:      layout_basic, nicolae_hepliaklqana_hazy_memory, dpeg_oklobed_lair,
          serial_bayou, serial_bayou_lake_a, serial_bayou_pond_a,
          serial_bayou_lagoon_b, serial_bayou_pond_c, serial_bayou_pond_e,
          serial_bayou_pond_e
D:10:     layout_grid_maze
D:11:     layout_basic, serial_shops, bzr_entry_safe, gauntlet_entry_generic,
          uniq_nergalle
D:12:     layout_roguey, hiddenorc1_lemuel
D:13:     layout_small_grid, enter_trove_0, feat_on_display
D:14:     minmay_the_grid_triangle_9x9_rhombus_thin
          [minmay_the_grid_triangle_9x9_flanged_cone,
          minmay_the_grid_triangle_9x9_prize_insulated,
          minmay_the_grid_triangle_9x9_intruding_spiral,
          minmay_the_grid_triangle_9x9_shrine], layout_basic,
          hangedman_vaults_entry_quadrant_bands, uniq_lodul
D:15:     hangedman_depths_entry_civil_slaughter, layout_cave_pools,
          minmay_misc_feat_doors
Temple:   hellmonk_temple_divided_pantheon
Lair:1:   layout_cave_pods
Lair:2:   layout_gridlike, uniq_maggie
Lair:3:   nzn_winding_woodlands_small [nzn_winding_woodlands_5x15_parted,
          nzn_winding_woodlands_center_lodge,
          nzn_winding_woodlands_5x15_crooked], layout_misc_corridors,
          minmay_swamp_entry_worms, nicolae_snake_entry_squirm,
          infiniplex_staircase_pool_2
Lair:4:   layout_small_grid, basic_altar, roderic_batcave, minivault_26,
          chequers_serial_rivers_micro_c, uniq_sonja
Lair:5:   hellmonk_lair_end_abyssal_woods, layout_cave_pods, slime_entry_1,
          grunt_megastairs_2, serial_bayou_shore_b, lemuel_fruit_fields
Orc:1:    layout_caves, minmay_orc_temple_c, uniq_erica
Orc:2:    st_orc_open, layout_diamond_mine, basic_altar, nicolae_orc_lost_temple
Elf:1:    eino_elf_arrival_altar, layout_rooms, serial_shops, shop, shop,
          minmay_elf_sorcery, hex_medium
Elf:2:    elven_hall_of_blades_hangedman_original
          [nicolae_blade_entry_pointy_end], layout_onion_city, basic_altar,
          dreamdust_princess_bridge, drop_trap, uniq_roxanne
Elf:3:    elf_hall, layout_geoelf_diagonals

Skill      XL: |  1  2  3  4  5  6  7  8  9 10 11 12 13 14 15 16 17 |
---------------+----------------------------------------------------+-----
Shields        | 4 5 6 7 8 9 11 14 16 18 20 | 20.3
Long Blades    | 3 4 5 6 7 9 11 12 14 15 16 17 18 19 | 19.2
Armour         | 4 5 6 7 8 10 12 14 15 16 17 18 | 18.1
Fighting       | 4 5 6 8 9 11 12 14 15 16 17 | 17.9
Dodging        | 1 2 3 5 6 |  6.5
Stealth        | 1 2 3 4 5 |  5.7
Invocations    | 1 2 |  2.2
Evocations     | 1 |  1.9

Action                     |  1- 3 |  4- 6 |  7- 9 | 10-12 | 13-15 | 16-18 || total
---------------------------+-------+-------+-------+-------+-------+-------++-------
  Melee: Long sword        |    63 |    93 |   338 |    15 |       |       ||   509
         Headbutt          |    10 |    22 |    74 |   149 |   394 |   146 ||   795
         Scimitar          |       |       |       |   575 |  1068 |     3 ||  1646
         Falchion          |       |       |       |       |   333 |   554 ||   887
 Invoke: Heroism           |       |       |       |    16 |     6 |     5 ||    27
  Evoke: Wand              |       |       |       |     8 |     9 |       ||    17
    Use: Scroll            |       |       |     4 |    26 |     4 |     8 ||    42
         Potion            |       |       |       |     9 |       |     3 ||    12
   Stab: Paralysed         |       |       |       |       |     1 |       ||     1
         Distracted        |       |       |       |       |    10 |    14 ||    24
 Armour: Scale mail        |    34 |     2 |       |       |       |       ||    36
         Chain mail        |       |    33 |   161 |   123 |       |       ||   317
         Plate armour      |       |       |       |   172 |   440 |   150 ||   762
  Dodge: Dodged            |    38 |    37 |   127 |   283 |   380 |   120 ||   985
  Block: Buckler           |    23 |    20 |   106 |   200 |   144 |       ||   493
         Tower shield      |       |       |       |       |  1312 |   565 ||  1877
         Reflection        |       |       |       |       |    63 |    95 ||   158
